Map: Tokamak LE

Players

asdf

  • Race: Protoss Protoss
  • Spawn Location: 1:00

johnsdoe - Winner!

  • Race: Protoss Protoss
  • League: Gold
  • Spawn Location: 7:00

VOD

Have the link to the VOD?

Description

Time

  • Played on: May 15, 2025, 9:51 a.m.
  • Length: 46:54
Show
View Real Time Build Order
Export as new Build Order

asdf Protoss 

Build Orders:  

Get SALT Encoding   

  12  0:00  Probe  
  13  0:12  Probe  
  14  0:20  Pylon  
  14  0:43  Gateway  
  14  0:45  Forge  
  10  1:41  Pylon  
  10  1:46  Pylon  
  10  1:49  Probe  
  10  1:51  Assimilator  
  11  2:01  Assimilator, Probe  
  12  2:11  Zealot  
  12  2:13  Probe  
  13  2:21  Probe  
  15  2:29  Probe  
  17  2:38  Probe  
  18  2:46  Probe  
  18  2:51  Zealot  
  21  2:59  Cybernetics Core  
  21  3:05  Cybernetics Core  
  21  3:09  Probe  
  22  3:17  Probe  
  22  3:25  Probe  
  24  3:35  Probe  
  27  3:41  Warp Gate  
  27  3:45  Adept  
  27  3:47  Probe  
  28  4:05  Twilight Council  
  28  4:11  Gateway  
  28  4:15  Adept  
  30  4:44  Charge  
  26  4:46  Nexus  
  26  4:49  Pylon  
  26  4:56  Zealot  
  28  5:01  Zealot  
  30  5:22  Robotics Facility  
  30  5:37  Sentry  
  30  5:39  Stalker  
  34  6:01  Forge  
  34  6:14  Blink  
  30  6:27  Zealot x2  
  34  6:38  Probe  
  35  6:42  Protoss Ground Weapons Level 1  
  35  6:47  Observer  
  35  6:50  Forge  
  35  6:51  Probe  
  37  6:57  Pylon  
  37  7:00  Probe  
  38  7:01  Pylon  
  38  7:03  Probe  
  39  7:10  Gateway  
  39  7:11  Gateway  
  39  7:13  Probe  
  40  7:19  Assimilator  
  40  7:21  Probe  
  40  7:24  Protoss Ground Armor Level 1, Assimilator  
  40  7:29  Probe  
  42  7:38  Probe  
  42  7:40  Robotics Bay  
  42  7:42  Gateway  
  43  7:47  Probe  
  44  7:55  Probe  
  45  8:11  Zealot  
  45  8:12  Zealot x2  
  51  8:13  Sentry  
  51  8:14  Probe  
  54  8:22  Probe  
  55  8:33  Stalker  
  57  8:34  Stalker  
  57  8:35  Stalker, Probe  
  62  8:43  Probe  
  62  8:50  Colossus  
  68  9:00  Pylon  
  68  9:03  Pylon  
  68  9:06  Extended Thermal Lance  
  68  9:07  Pylon  
  68  9:14  Sentry  
  70  9:21  Sentry  
  72  9:27  Zealot  
  72  9:28  Phoenix, Stalker  
  72  9:30  Zealot, Probe  
  78  9:33  Protoss Ground Weapons Level 2  
  78  9:37  Probe  
  80  9:38  Probe  
  80  9:39  Protoss Ground Armor Level 2  
  81  9:48  Probe  
  82  10:01  Zealot  
  82  10:02  Stalker  
  82  10:05  Stalker  
  88  10:10  Stalker  
  90  10:25  Immortal  
  94  10:36  Pylon, Gravitic Boosters  
  94  10:39  Pylon  
  94  10:41  Pylon  
  94  10:43  Pylon  
  94  10:56  Stalker x2  
  98  10:57  Stalker  
  100  11:12  Immortal  
  104  11:33  Protoss Ground Weapons Level 3  
  104  11:37  Nexus  
  104  11:39  Pylon  
  104  11:41  Colossus  
  104  11:45  Pylon, Protoss Ground Armor Level 3  
  104  11:48  Pylon  
  110  11:58  Phoenix  
  110  12:28  Immortal  
  110  12:33  Stalker x3  
  110  12:34  Stalker  
  110  12:36  Zealot  
  124  12:50  Probe  
  125  13:00  Zealot x2  
  125  13:01  Zealot x2  
  125  13:02  Zealot  
  125  13:03  Observer, Probe  
  137  13:15  Probe  
  138  13:27  Probe  
  139  13:39  Probe  
  140  13:51  Stalker, Probe  
  140  13:52  Stalker x2  
  140  13:53  Stalker x2  
  151  13:57  Colossus  
  157  14:03  Probe  
  158  14:23  Protoss Shields Level 1  
  158  14:37  Stargate  
  158  14:42  Colossus  
  158  14:43  Protoss Air Weapons Level 1  
  154  15:14  Assimilator  
  154  15:18  Assimilator  
  154  15:22  Phoenix  
  156  15:34  Colossus  
  162  15:47  Phoenix  
  159  16:12  Phoenix  
  157  16:23  Colossus  
  127  16:29  Stalker  
  127  16:30  Stalker x2  
  127  16:31  Stalker x2  
  121  16:37  Phoenix  
  103  16:56  Probe  
  104  17:02  Phoenix  
  104  17:04  Probe  
  99  17:11  Colossus  
  99  17:18  Fleet Beacon  
  105  17:41  Zealot x2  
  105  17:42  Zealot x3  
  115  17:47  Photon Cannon  
  115  17:48  Photon Cannon, Probe  
  115  17:49  Photon Cannon  
  115  17:51  Photon Cannon  
  116  17:52  Photon Cannon  
  116  17:54  Colossus  
  116  17:55  Tempest  
  116  17:57  Anion Pulse-Crystals  
  116  18:00  Probe  
  127  18:13  Probe  
  128  18:20  Protoss Air Weapons Level 2  
  128  18:28  Tempest  
  128  18:33  Pylon  
  128  18:37  Nexus  
  132  18:42  Immortal  
  132  18:45  Gateway  
  132  18:46  Gateway  
  132  18:47  Gateway  
  132  18:50  Phoenix  
  136  18:57  Sentry  
  138  19:11  Tempest  
  142  19:21  Immortal  
  146  19:32  Sentry  
  146  19:33  Sentry x3  
  146  19:34  Zealot  
  148  19:54  Tempest  
  152  20:00  Immortal  
  152  20:16  Zealot  
  152  20:17  Zealot x3  
  152  20:18  Zealot  
  152  20:19  Zealot x3  
  168  20:23  Probe  
  169  20:36  Probe  
  169  20:37  Unknown  
  173  20:48  Probe  
  169  21:00  Probe  
  71  22:06  Nexus  
  61  22:24  Pylon  
  57  22:31  Zealot  
  57  22:32  Zealot x3  
  65  22:40  Pylon  
  65  22:44  Pylon  
  65  22:46  Stargate  
  65  22:48  Stargate  
  65  23:12  Pylon  
  65  23:16  Pylon  
  65  23:19  Stargate  
  65  23:21  Stargate  
  65  23:24  Stargate  
  65  23:47  Fleet Beacon  
  65  23:48  Immortal  
  69  23:51  Robotics Bay  
  69  23:58  Stalker  
  69  23:59  Stalker x3  
  69  24:00  Stalker x2  
  69  24:01  Stalker  
  83  24:13  Sentry  
  85  24:27  Pylon, Immortal  
  65  24:44  Carrier  
  65  24:45  Carrier  
  63  24:58  Zealot  
  63  24:59  Zealot x2  
  69  25:00  Zealot x4  
  69  25:01  Zealot  
  69  25:06  Immortal  
  83  25:22  Zealot x3  
  83  25:26  Tempest  
  93  25:46  Tempest, Carrier  
  103  25:56  Pylon  
  103  26:05  Assimilator  
  103  26:07  Assimilator  
  103  26:08  Nexus  
  103  26:10  Pylon  
  103  26:18  Pylon  
  81  26:49  Tempest x2  
  81  26:52  Zealot x2  
  81  26:53  Zealot x3  
  95  27:04  Tempest  
  95  27:07  Zealot x2  
  95  27:08  Zealot  
  85  27:40  Zealot x2  
  85  27:41  Zealot x2  
  85  27:42  Zealot  
  85  27:43  Zealot x2  
  99  27:44  Zealot  
  99  27:49  Carrier  
  99  27:50  Nexus  
  101  28:06  Zealot  
  91  28:14  Carrier  
  91  28:26  Zealot x2  
  101  28:27  Zealot x2  
  101  28:29  Zealot  
  101  28:30  Zealot x3  
  113  28:35  Probe  
  114  28:48  Probe  
  115  28:50  Tempest  
  119  29:00  Probe  
  120  29:12  Probe  
  121  29:22  Pylon  
  119  29:41  Pylon, Carrier  
  119  29:42  Tempest  
  129  29:46  Zealot x2  
  129  29:47  Zealot x2  
  129  29:48  Zealot  
  139  30:02  Photon Cannon  
  139  30:04  Photon Cannon  
  89  30:32  Carrier  
  71  30:50  Zealot x3  
  77  31:10  Fleet Beacon  
  77  31:19  Assimilator  
  77  31:29  Nexus  
  77  31:31  Pylon  
  77  31:46  Probe  
  78  31:55  Assimilator  
  78  31:57  Assimilator  
  78  31:58  Probe  
  79  32:10  Zealot  
  81  32:26  Gateway x2  
  81  32:30  Gateway  
  81  32:32  Gateway  
  81  32:39  Tempest x2, Pylon  
  89  33:18  Carrier  
  85  33:22  Tempest, Zealot x2  
  99  33:36  Zealot  
  99  33:37  Zealot  
  103  33:47  Zealot  
  103  33:48  Zealot  
  107  33:55  Carrier  
  107  33:56  Flux Vanes  
  113  34:16  Tempest  
  113  34:23  Cybernetics Core  
  117  34:30  Zealot x2  
  121  34:32  Zealot x2  
  125  34:44  Pylon  
  125  34:49  Pylon  
  125  34:52  Pylon  
  125  34:57  Gateway  
  125  34:59  Probe  
  135  35:01  Gateway  
  135  35:03  Gateway  
  136  35:08  Probe  
  137  35:17  Probe  
  110  35:56  Zealot x3  
  110  35:57  Zealot  
  88  35:59  Zealot  
  88  36:00  Zealot  
  50  36:36  Zealot x3  
  33  36:53  Zealot x2  
  33  36:54  Zealot  
  30  37:20  Gateway  
  30  37:21  Gateway  
  30  37:22  Gateway  
  24  37:25  Pylon  
  24  37:26  Pylon  
  12  38:15  Zealot  
  12  38:19  Zealot  
  16  38:39  Zealot  
  16  38:40  Zealot  
  20  38:54  Probe  
  13  39:20  Pylon  
  13  39:28  Probe  
  13  39:30  Nexus  
  13  39:31  Pylon  
  13  39:37  Probe  
  15  39:46  Probe  
  16  39:54  Pylon  
  16  39:57  Cybernetics Core  
  16  39:59  Zealot, Probe  
  19  40:00  Zealot  
  21  40:11  Probe  
  22  40:16  Zealot  
  24  40:35  Stalker  
  24  40:36  Stalker  
  28  41:22  Stalker  
  28  41:23  Stalker  
  26  41:40  Probe  
  27  42:42  Shield Battery  
  27  42:46  Assimilator  
  27  42:48  Assimilator  
  27  42:54  Zealot  
  27  42:56  Sentry  
  15  43:59  Probe  
  16  44:07  Probe  
  16  44:16  Probe  
  14  44:27  Probe  
  11  44:35  Probe  
  11  44:43  Probe  
  8  44:55  Probe  
  9  45:07  Probe  
  10  45:19  Probe  
  11  45:31  Probe  
  12  45:47  Probe  
  13  45:59  Probe  
  14  46:19  Pylon  
  14  46:35  Pylon  
Show
View Real Time Build Order
Export as new Build Order

johnsdoe Protoss - Winner!

Build Orders:  

Get SALT Encoding   

  1  0:00  Probe  
  13  0:07  Probe  
  14  0:21  Probe  
  15  0:46  Pylon  
  15  1:03  Probe  
  16  1:11  Probe  
  17  1:19  Probe  
  18  1:30  Probe  
  19  1:37  Gateway  
  19  1:56  Probe  
  20  2:06  Assimilator  
  20  2:17  Probe  
  21  2:25  Cybernetics Core  
  21  2:39  Nexus  
  21  2:40  Probe  
  22  2:45  Assimilator  
  22  2:50  Pylon  
  22  2:53  Probe  
  23  3:05  Stalker  
  23  3:08  Warp Gate  
  26  3:12  Probe  
  26  3:24  Probe  
  27  3:30  Pylon  
  27  3:35  Sentry  
  27  3:37  Probe  
  30  3:47  Probe  
  30  3:53  Probe  
  30  3:55  Probe  
  33  4:03  Probe  
  33  4:05  Probe, Sentry  
  37  4:15  Probe  
  38  4:17  Probe  
  38  4:41  Nexus  
  38  4:42  Probe x2  
  40  4:53  Nexus  
  40  4:54  Pylon, Probe  
  40  4:55  Probe  
  40  4:57  Gateway  
  42  5:04  Sentry  
  42  5:06  Probe  
  45  5:09  Probe  
  45  5:13  Assimilator x2  
  46  5:15  Shield Battery  
  46  5:19  Probe  
  47  5:21  Probe  
  48  5:29  Forge  
  48  5:31  Forge, Probe  
  48  5:33  Probe  
  50  5:36  Stalker  
  52  5:43  Probe  
  52  5:45  Probe  
  54  5:55  Probe  
  54  5:56  Pylon  
  55  5:57  Probe x2  
  55  6:03  Stalker x2  
  61  6:07  Probe  
  61  6:09  Probe x3  
  61  6:11  Protoss Ground Armor Level 1, Protoss Ground Weapons Level 1  
  65  6:19  Probe  
  65  6:21  Probe x2  
  65  6:24  Pylon  
  68  6:30  Twilight Council  
  68  6:31  Probe  
  68  6:32  Pylon  
  68  6:39  Probe x2  
  70  6:46  Stalker  
  73  6:47  Stalker  
  73  6:48  Probe  
  73  6:51  Probe  
  73  6:52  Photon Cannon  
  73  6:53  Probe  
  79  6:59  Photon Cannon  
  79  7:01  Probe  
  79  7:02  Blink  
  79  7:03  Probe  
  79  7:05  Probe  
  81  7:09  Assimilator x2  
  81  7:13  Probe  
  81  7:15  Probe  
  83  7:16  Shield Battery  
  83  7:17  Probe  
  83  7:20  Pylon  
  84  7:24  Pylon  
  84  7:25  Probe  
  84  7:27  Pylon, Probe  
  86  7:33  Photon Cannon  
  86  7:37  Probe  
  86  7:39  Probe  
  86  7:41  Templar Archives  
  86  7:42  Probe  
  89  7:45  Nexus  
  89  7:47  Pylon  
  89  7:49  Probe  
  90  7:51  Probe  
  90  7:54  Probe  
  92  8:01  Zealot x2  
  92  8:02  Protoss Shields Level 1  
  92  8:03  Probe  
  97  8:06  Probe  
  97  8:11  Photon Cannon  
  98  8:14  Pylon  
  98  8:15  Protoss Ground Weapons Level 2  
  98  8:16  Probe  
  98  8:17  Assimilator  
  98  8:18  Probe  
  98  8:19  Assimilator  
  100  8:20  Gateway  
  100  8:22  Gateway  
  100  8:24  Pylon  
  100  8:25  Gateway  
  100  8:26  Robotics Facility  
  100  8:28  Probe  
  100  8:30  Probe  
  100  8:33  Psionic Storm  
  102  8:36  Photon Cannon  
  102  8:37  Shield Battery  
  102  8:40  Probe  
  103  8:46  High Templar x2  
  103  8:47  Probe x2  
  109  8:51  Probe  
  109  8:52  Probe  
  111  8:57  Assimilator  
  111  8:58  Probe  
  111  8:59  Probe x2  
  114  9:03  Probe  
  114  9:04  Probe  
  114  9:07  Stargate  
  114  9:09  Pylon  
  116  9:11  Gateway, Probe x2  
  116  9:12  Probe  
  116  9:13  Gateway  
  116  9:15  Probe  
  116  9:16  Gateway  
  116  9:17  Observer  
  120  9:19  Charge  
  121  9:27  Stalker x3  
  121  9:28  Stalker  
  129  9:34  Observer  
  129  9:36  Robotics Facility  
  130  9:39  Pylon, Probe x3  
  130  9:42  Robotics Bay  
  130  9:45  Pylon  
  133  9:47  Pylon  
  133  9:49  Photon Cannon  
  133  9:54  Protoss Ground Armor Level 2  
  133  10:00  Immortal  
  133  10:04  Nexus  
  137  10:08  Pylon, Probe  
  137  10:10  Pylon, Dark Shrine, Probe  
  137  10:13  Pylon  
  138  10:16  Probe  
  138  10:17  Gateway  
  138  10:18  Probe  
  138  10:19  Gateway  
  140  10:22  Photon Cannon  
  140  10:23  Gateway  
  140  10:24  Protoss Shields Level 2  
  140  10:26  Probe  
  140  10:28  Observer, Probe  
  142  10:33  Gravitic Boosters  
  144  10:38  Probe  
  144  10:39  Observer  
  144  10:40  Probe, Immortal  
  144  10:42  Observer  
  150  10:45  Observer, Shield Battery  
  150  10:49  Shield Battery  
  151  10:50  Photon Cannon, Probe  
  151  10:51  Probe  
  151  10:52  Probe  
  151  10:53  Nexus  
  151  10:54  Photon Cannon, Gateway, Probe  
  151  10:55  Probe  
  156  10:57  Pylon  
  156  10:58  Gateway  
  156  11:01  Pylon  
  156  11:02  Pylon  
  156  11:03  Probe x2  
  158  11:04  Probe  
  158  11:06  Probe  
  158  11:07  Probe  
  161  11:18  Assimilator  
  161  11:19  Pylon, Probe  
  161  11:20  Nexus, Assimilator, Probe x5  
  161  11:22  Pylon  
  161  11:24  Pylon x2  
  167  11:27  Cybernetics Core  
  167  11:28  Protoss Air Weapons Level 1  
  167  11:30  Gravitic Drive  
  167  11:31  Probe  
  167  11:32  Gateway, Probe x3  
  171  11:35  Gateway  
  171  11:36  Gateway  
  171  11:37  Gateway  
  171  11:39  Gateway  
  171  11:41  Gateway  
  171  11:45  Gateway  
  171  11:52  Assimilator  
  171  11:53  Probe  
  171  11:54  Shield Battery  
  172  11:55  Photon Cannon  
  172  11:56  Assimilator  
  172  11:57  Photon Cannon  
  172  11:58  Shield Battery  
  172  12:05  Probe x2  
  174  12:09  Probe  
  174  12:14  Probe  
  174  12:15  Probe  
  177  12:21  Probe  
  178  12:27  Extended Thermal Lance  
  178  12:29  Nexus  
  178  12:33  Shield Battery  
  178  12:34  Pylon  
  178  12:36  Shield Battery  
  178  12:37  Photon Cannon  
  178  12:38  Photon Cannon  
  178  12:39  Gateway  
  178  12:42  Photon Cannon, Gateway x2  
  178  12:45  Photon Cannon, Gateway  
  178  12:51  Gateway  
  178  12:53  Nexus, Pylon  
  178  12:55  Photon Cannon  
  178  12:56  Pylon  
  178  12:59  Zealot  
  178  13:00  Zealot x10  
  178  13:02  Protoss Shields Level 3, Protoss Ground Armor Level 3  
  178  13:05  Assimilator  
  200  13:06  Assimilator  
  200  13:12  Nexus, Shadow Stride  
  200  13:13  Pylon  
  200  13:15  Pylon  
  200  13:26  Observer  
  200  13:31  Resonating Glaives  
  200  13:33  Fleet Beacon  
  200  13:36  Protoss Air Armor Level 1  
  200  13:40  Shield Battery  
  200  13:43  Shield Battery  
  200  13:44  Photon Cannon  
  200  13:47  Photon Cannon  
  200  13:50  Photon Cannon  
  200  13:55  Assimilator  
  200  13:59  Assimilator  
  200  14:02  Shield Battery  
  200  14:04  Shield Battery  
  200  14:06  Photon Cannon  
  200  14:09  Photon Cannon  
  200  14:13  Photon Cannon  
  200  14:23  Assimilator  
  200  15:19  Photon Cannon  
  200  15:27  Photon Cannon  
  200  15:33  Anion Pulse-Crystals  
  200  15:43  Observer  
  200  15:45  Protoss Ground Weapons Level 3  
  200  15:46  Protoss Air Armor Level 2, Protoss Air Weapons Level 2  
  200  16:12  Archon  
  158  16:38  Flux Vanes  
  148  16:44  Observer  
  140  16:48  Archon  
  140  16:51  Zealot x6  
  140  16:52  Zealot x16  
  140  16:53  Zealot x3  
  188  17:17  Stalker  
  188  17:18  Stalker x5  
  200  18:19  Protoss Air Weapons Level 3, Protoss Air Armor Level 3  
  200  19:09  Observer  
  200  19:10  Photon Cannon  
  200  19:12  Photon Cannon  
  200  19:13  Photon Cannon  
  200  19:15  Unknown  
  200  19:17  Photon Cannon  
  200  19:18  Photon Cannon  
  200  19:19  Photon Cannon x2  
  200  19:20  Robotics Facility  
  200  19:22  Pylon, Robotics Facility  
  200  19:24  Photon Cannon  
  200  19:30  Observer  
  152  19:54  High Templar x3  
  152  19:55  High Templar x4  
  152  19:58  Stalker x2  
  152  19:59  Zealot  
  172  20:00  Zealot x14  
  186  20:43  Nexus, Pylon  
  182  20:55  Zealot x7  
  182  20:56  Zealot x3  
  199  21:03  Dark Templar  
  199  21:06  Dark Templar x2  
  197  21:16  Dark Templar x3  
  190  21:37  Stalker x2  
  190  21:38  Stalker x7  
  190  21:39  Stalker x3  
  199  22:15  Probe  
  194  22:32  Assimilator  
  192  22:42  Assimilator  
  190  22:59  Pylon  
  190  23:14  Observer  
  190  23:18  Zealot x3  
  190  23:19  Zealot x2  
  200  23:37  Nexus  
  200  23:40  Pylon  
  200  24:02  Assimilator  
  196  25:09  High Templar x2  
  199  26:42  Zealot  
  199  26:43  Zealot x2  
  196  26:47  Zealot x2  
  196  26:48  Zealot  
  196  26:52  Zealot  
  196  26:53  Zealot x2  
  199  26:55  Zealot  
  199  26:59  Zealot x3  
  199  27:00  Zealot  
  199  27:01  Zealot  
  200  27:05  Stalker  
  200  27:06  Stalker x2  
  196  27:12  Stalker x3  
  196  27:14  Stalker x3  
  188  27:27  Stalker  
  188  27:28  Stalker x5  
  188  27:29  Stalker x4  
  199  27:31  Stalker  
  199  27:32  Stalker  
  189  28:10  Stalker x2  
  189  28:11  Stalker x6  
  199  28:13  Stalker x2  
  195  28:21  Stalker  
  195  28:22  Stalker  
  191  28:51  Zealot x6  
  191  28:52  Zealot  
  185  29:27  Dark Templar x4  
  185  29:28  Zealot  
  185  29:29  Zealot x4  
  185  29:30  Zealot x2  
  199  30:10  Zealot x3  
  199  30:11  Zealot x2  
  184  30:42  Pylon  
  184  30:44  Pylon  
  184  30:45  Pylon  
  184  30:49  Pylon  
  184  31:55  Zealot  
  184  31:56  Zealot x7  
  192  33:49  Adept x3  
  192  33:50  Adept  
  94  37:35  Zealot  
  94  37:36  Zealot  
  96  37:37  Zealot x6  
  96  37:38  Zealot x13  
  96  37:39  Zealot x4  
  119  37:58  Probe  
  119  37:59  Probe  
  119  38:00  Probe x6  
  119  38:06  Probe  
  119  38:07  Probe  
  119  38:08  Probe x3  
  119  38:09  Probe x2  
  119  38:10  Probe  
  117  38:13  Probe  
  117  38:15  Probe x2  
  117  38:16  Probe x3  
  117  38:17  Probe x2  
  117  38:18  Probe  
  114  38:21  Probe  
  114  38:26  Probe  
  114  38:27  Probe x7  
  114  38:30  Probe  
  111  38:38  Probe x3  
  111  38:39  Probe x5  
  113  38:41  Probe  
  113  38:46  Probe x2  
  113  38:47  Probe  
  113  38:48  Probe x4  
  100  38:49  Probe x2  
  100  38:54  Probe  
  100  38:55  Probe x2  
  101  38:56  Probe x4  
  101  38:57  Probe x2  
  110  39:05  Probe x8  
  110  39:09  Probe  
  118  39:14  Probe  
  118  39:15  Probe x3  
  118  39:16  Probe x2  
  118  39:17  Probe x2  
  117  39:18  Mothership  
  117  39:19  Probe  
  117  39:22  Probe  
  117  39:23  Probe x3  
  117  39:24  Observer, Probe x2  
  119  39:25  Probe x2  
  119  39:27  Probe  
  119  39:29  Observer  
  123  39:31  Probe x2  
  123  39:32  Probe x3  
  123  39:33  Probe  
  123  39:34  Probe  
  123  39:35  Probe  
  135  39:43  Probe x3  
  135  39:44  Probe x4  
  138  39:46  Probe  
  138  39:51  Probe  
  138  39:52  Probe x2  
  136  39:53  Probe x3  
  136  39:54  Probe x2  
  136  39:59  Probe  
  140  40:00  Probe x2  
  140  40:01  Probe x2  
  140  40:02  Probe x3  
  144  40:10  Probe x7  
  144  40:13  Probe  
  144  40:21  Probe  
  144  40:22  Probe x6  
  144  40:23  Zealot x2  
  144  40:24  Zealot x4  
  144  40:26  Probe  
  158  40:34  Probe x7  
  161  40:37  Probe  
  161  40:38  Probe  
  161  40:44  Probe x2  
  161  40:45  Probe x3  
  161  40:46  Probe x3  
  161  40:47  Probe  
  167  40:52  Probe x2  
  167  40:53  Probe x3  
  167  40:54  Probe x3  
  167  40:55  Probe  
  166  41:00  Probe x2  
  166  41:01  Probe x2  
  166  41:02  Probe x3  
  166  41:03  Probe  
  169  41:04  Probe  
  169  41:10  Probe  
  172  41:12  Probe x3  
  172  41:13  Probe x4  
  172  41:16  Probe  
  181  41:22  Probe  
  181  41:24  Probe  
  181  41:25  Probe x6  
  189  41:28  Probe  
  190  41:34  Probe  
  190  41:36  Probe  
  190  41:37  Probe x6  
  198  41:40  Probe  
  198  41:46  Probe  
  200  42:51  Probe x3  
  195  42:52  Probe x3  
  195  42:53  Probe x3  
  187  42:59  Probe x2  
  187  43:00  Probe x3  
  187  43:01  Probe x3  
  173  43:05  Probe  
  173  43:07  Probe x2  
  173  43:08  Probe x3  
  173  43:09  Probe x3  
  157  43:16  Probe x2  
  157  43:17  Probe x2  
  157  43:18  Probe x3  
  157  43:19  Probe x2  
  150  43:24  Probe x2  
  150  43:25  Probe x2  
  150  43:26  Probe x2  
  150  43:27  Probe x3  
  149  43:32  Probe  
  149  43:33  Probe  
  149  43:34  Probe x4  
  150  43:35  Probe x3  
  150  43:44  Probe  
  150  43:45  Probe  
  150  43:46  Probe x7  
  146  43:56  Probe x2  
  146  43:57  Probe x5  
  146  43:58  Probe x2  
  148  44:04  Probe  
  148  44:05  Probe x5  
  148  44:06  Probe x2  
  148  44:07  Probe  
  149  44:12  Probe  
  149  44:13  Probe x4  
  149  44:14  Probe x3  
  149  44:15  Probe  
  148  44:22  Probe  
  148  44:24  Probe x8  
  152  44:34  Probe  
  152  44:36  Probe x8  
  150  44:46  Probe  
  150  44:48  Probe x8  
  155  44:58  Probe  
  155  44:59  Probe x2  
  151  45:00  Probe x5  
  151  45:01  Probe  
  156  45:07  Probe  
  156  45:08  Probe x4  
  156  45:09  Probe x2  
  156  45:10  Probe x2  
  165  45:15  Probe  
  165  45:16  Probe x4  
  165  45:17  Probe x2  
  165  45:18  Probe x2  
  165  45:21  Observer  
  171  45:25  Probe  
  171  45:26  Probe  
  171  45:27  Probe x7  
  183  45:37  Probe  
  183  45:38  Probe  
  183  45:39  Probe x7  
  192  45:49  Probe  
  193  45:50  Probe  
  193  45:51  Probe x6  
Tags
 
League
Gold
Matchup
PvP
Spawn Locations
Cross Positions
Add a new tag
Caveats
  • Supply blocks, unpowered buildings, or Contaminate may cause inaccurate times.
  • Supply counts are checked every 10 seconds.